 Dungeon Crawl Stone Soup version 0.22-a0-367-gb72a975 (webtiles) character file.

69 Firecrotchwizard the Ruffian (level 4, 0/24 HPs)
             Began as a Vine Stalker Fighter on Apr 22, 2018.
             Slain by Sigmund
             ... wielding a +3 vampiric scythe
              (11 damage)
             ... on level 2 of the Dungeon.
             The game lasted 00:02:00 (1607 turns).

Firecrotchwizard the Ruffian (Vine Stalker Fighter) Turns: 1607, Time: 00:02:01

Health: 0/24       AC: 13    Str: 20    XL:     4   Next: 20%
Magic:  0/5        EV:  7    Int:  8    God:
Gold:   94         SH:  0    Dex: 13    Spells: 3/3 levels left

rFire    . . .     SeeInvis .   e - +2 dagger (protect)
rCold    . . .     Gourm    .   b - +0 shield
rNeg     . . .     Faith    .   a - +0 scale mail
rPois    .         Spirit   +   (no helmet)
rElec    .         Reflect  .   (no cloak)
rCorr    .         Harm     .   (no gloves)
MR       .....                  (no boots)
Stlth    ..........             (no amulet)
HPRegen  0.48/turn              (no ring)
MPRegen  0.09/turn              (no ring)

@: confused, protection aura
A: fangs 2, regeneration 1, magic shield, antimagic bite, no potion heal 3, rot
immunity
a: no special abilities


You were on level 2 of the Dungeon.
You were not hungry.

You visited 1 branch of the dungeon, and saw 2 of its levels.

You collected 94 gold pieces.

Inventory:

Hand Weapons
 e - a +2 dagger of protection (weapon)
   (You took it off a kobold on level 1 of the Dungeon)
Armour
 a - a +0 scale mail (worn)
 b - a +0 shield (worn)
 k - a +2 hat
   (You found it on level 1 of the Dungeon)
Jewellery
 m - an uncursed ring of ice {unknown}
   (You found it on level 2 of the Dungeon)
Scrolls
 g - 5 scrolls of identify {unknown}
 i - 2 scrolls of teleportation {unknown}
 j - a scroll of remove curse {unknown}
 n - a scroll of blinking {unknown}
Potions
 c - 2 potions of might
 f - a potion of heal wounds {unknown}
 l - 2 potions of magic {unknown}
Comestibles
 d - 4 rations {@e1}
 h - 6 chunks of flesh {@w0}


   Skills:
 + Level 3.3 Fighting
 - Level 2.4 Armour
 - Level 2.6 Shields
 * Level 3.7 Unarmed Combat


You had 3 spell levels left.
You didn't know any spells.

Dungeon Overview and Level Annotations

Branches:
Dungeon (2/15)

Altars:
Trog

Annotations:
D:2 Sigmund


Innate Abilities, Weirdness & Mutations

You have extremely sharp teeth.
Your natural rate of healing is unusually fast.
When hurt, damage is shared between your health and your magic reserves.
Your bite disrupts and absorbs the magic of your enemies.
Potions cannot restore your health.
You are immune to rotting.


Message History

The goblin hits you with a dagger.
You take 1 damage, and have 19/20 hp.
You hit the goblin.
Your weapon exudes an aura of protection.
You kill the goblin!
No target in view!
An adder comes into view.
The adder hisses angrily.
Health restored: 20 The adder bites you but does no damage.
You hit the adder.
Your weapon exudes an aura of protection.
Your bite misses the adder. You block the adder's attack.
The adder bites you but does no damage.
You hit the adder. Your bite misses the adder.
The adder bites you but does no damage.
You closely miss the adder. Your bite misses the adder.
The adder bites you but does no damage. x2
You barely miss the adder. You bite the adder. You drain its power.
You block the adder's attack.
You closely miss the adder. Your bite misses the adder. The adder bites you.
You take 4 damage, and have 16/20 hp.
You barely miss the adder. You block the adder's attack.
The adder bites you but does no damage.
You hit the adder but do no damage.
Your weapon exudes an aura of protection.
The adder bites you but does no damage.
You hit the adder.
You kill the adder!
You have reached level 4!
You feel stronger.
You begin to heal more quickly.
You regained 4 hp, and now have 20/24 hp.
MP restored: 5 You open the door.
There is an open door here.
An adder comes into view.
Health restored: 24 An adder is nearby!
You block the adder's attack.
You miss the adder. You bite the adder. You drain its power.
You block the adder's attack.
You hit the adder but do no damage.
Your weapon exudes an aura of protection.
You block the adder's attack. x2
You hit the adder. Your bite misses the adder.
The adder bites you but does no damage.
You closely miss the adder. You bite the adder. You drain its power.
The adder bites you but does no damage.
You barely miss the adder. Your bite misses the adder.
The adder completely misses you. The adder bites you but does no damage.
You hit the adder.
You kill the adder!
No target in view!
You butcher the adder corpse.
h - 6 chunks of flesh {@w0} (gained 2)
You see here an adder skeleton. x2
A goblin comes into view. It is wielding a dagger.
The goblin shouts!
A goblin is nearby!
The goblin hits you but does no damage.
You hit the goblin.
Your weapon exudes an aura of protection.
You kill the goblin!
No target in view!
Things that are here:
a dagger; a goblin corpse You butcher the goblin corpse.
h - 7 chunks of flesh {@w0} (gained 1)
You see here a dagger. x2
You see here a dagger.
n - a scroll labeled KESERCHECZIFF You open the door.
Sigmund the Dreaded comes into view.
He is wielding a vampiric scythe.
Sigmund shouts!
There is an open door here.
Sigmund gestures at you while chanting. You resist with some effort.
You barely miss Sigmund. Your bite misses Sigmund. You block Sigmund's attack.
You hit Sigmund.
Your weapon exudes an aura of protection.
Sigmund hits you with a vampiric scythe!
You take 9 damage, and have 15/24 hp.
MASSIVE DAMAGE!!
You now have 3/5 mp.
You hit Sigmund. You bite Sigmund, but do no damage.
You hit Sigmund but do no damage. Your bite misses Sigmund.
Sigmund points at you and mumbles some strange words.
You are confused.
Sigmund casts a spell.
Sigmund flickers and vanishes!
Deactivating autopickup; reactivate with Ctrl-A.
Some of the chunks of flesh in your inventory have rotted away.
You miss something. Something hits you!
You take 5 damage, and have 11/24 hp.
MASSIVE DAMAGE!!
You now have 2/5 mp.
You closely miss something. You closely miss something.
Your bite misses something. Something hits you!
You die...

###.........)..# #....#
##...##.#.##....###....#
#..###..#..##...........
#.###.#.#.#.##..###....+
#.###.#.#.#.##..# #....#
#.##.##.#.##รท#..# #....#
#####.##.##.#.##.##.#####..#
#.........'.+.+.....+......#
##.##.##.##@#.##.##.#..###..
# #.##.##{#. #.#'##..# ###
#.###.#.# .##.##..##### #.#
.#.# #. #.#........ #.# #..#
.# #.###.##### #.# #.#.#
#.....# #. .... ####### ...


There were no monsters in sight!

Vanquished Creatures
  2 adders (D:2)
  4 leopard geckos
  5 bats
  2 giant cockroaches (D:1)
  5 hobgoblins
  7 jackals
  5 kobolds
  A ball python (D:1)
  2 frilled lizards (D:1)
  6 goblins
  4 rats
43 creatures vanquished.

Notes
Turn   | Place    | Note
-------+----------+-------------------------------------------
     0 | D:1      | Firecrotchwizard the Vine Stalker Fighter began the quest for the Orb.
     0 | D:1      | Reached XP level 1. HP: 11/11 MP: 2/2
   202 | D:1      | Reached XP level 2. HP: 16/16 MP: 3/3
   357 | D:1      | Reached skill level 3 in Fighting
   465 | D:1      | Reached skill level 3 in Unarmed Combat
   483 | D:1      | Reached XP level 3. HP: 20/20 MP: 4/4
  1186 | D:2      | Found a bloodstained altar of Trog.
  1537 | D:2      | Gained mutation: Your natural rate of healing is unusually fast. [Vine Stalker growth]
  1537 | D:2      | Reached XP level 4. HP: 20/24 MP: 5/5
  1599 | D:2      | Noticed Sigmund
  1607 | D:2      | Slain by Sigmund

Vault maps used:
D:1:      dpeg_arrival_long_road, wad_floor_pattern_2
D:2:      nicolae_overflow_crystal_walls, interstate_on_off, uniq_sigmund

Skill      XL: |  1  2 |
---------------+-------+-----
Fighting       | 3 |  3.3
Unarmed Combat | 3 |  3.7
Armour         | |  2.4
Shields        | |  2.6

Action                   |  1- 3 |  4- 6 || total
-------------------------+-------+-------++-------
Melee: Unarmed           |    12 |       ||    12
       Bite              |    33 |     3 ||    36
       Dagger            |   125 |    14 ||   139
  Eat: Chunk             |     2 |       ||     2
Armor: Scale mail        |    76 |     3 ||    79
Dodge: Dodged            |    39 |     1 ||    40
Block: Shield            |    74 |     5 ||    79

Table legend:
 A = Spawn XP
 B = Non-spawn XP
 C = Spawn XP percentage of total XP
 D = Spawn monster count
 E = Non-spawn monster count
 F = Spawn count percentage of total count
 G = Total turns spent on level
                    A         B        C        D         E        F      G
               +---------+---------+-------+---------+---------+-------+---------
         Total |       0 |      99 |   0.0 |       0 |      43 |   0.0 |  1607
               +---------+---------+-------+---------+---------+-------+---------
           D:1 |       0 |      44 |   0.0 |       0 |      26 |   0.0 |  1017
           D:2 |       0 |      55 |   0.0 |       0 |      17 |   0.0 |   590
               +---------+---------+-------+---------+---------+-------+---------

Vault maps used:
D:1:      dpeg_arrival_long_road, wad_floor_pattern_2
D:2:      nicolae_overflow_crystal_walls, interstate_on_off, uniq_sigmund

Table legend:
 A = Turns spent in this place as a percentage of turns spent in the entire game.
 B = Non-inter-level travel turns spent in this place as a percentage of non-inter-level travel turns spent in the entire game.
 C = Inter-level travel turns spent in this place as a percentage of turns spent in this place.
 D = Turns resting spent in this place as a percentage of non-inter-level travel turns spent in this place.
 E = Turns spent auto-exploring this place as a percentage of non-inter-level travel turns spent in this place.
 F = Non-inter-level travel turns spent in this place divided by the number of levels of this place that you've seen.
                   A       B       C       D       E      F
               +-------+-------+-------+-------+-------+----------------------
         Total | 100.0 | 100.0 |   1.9 |  15.9 |  66.9 | 788.0
       Dungeon | 100.0 | 100.0 |   1.9 |  15.9 |  66.9 | 788.0
               +-------+-------+-------+-------+-------+----------------------

Table legend:
 A = Kills in this place as a percentage of kills in entire the game.
 B = Kills by you in this place as a percentage of kills by you in the entire game.
 C = Kills by friends in this place as a percentage of kills by friends in the entire game.
 D = Other kills in this place as a percentage of other kills in the entire game.
 E = Experience gained in this place as a percentage of experience gained in the entire game.
 F = Experience gained in this place divided by the number of levels of this place that you have seen.
                   A       B       C       D       E      F
               +-------+-------+-------+-------+-------+----------------------
         Total | 100.0 | 100.0 |   N/A |   N/A | 100.0 |  49.5
       Dungeon | 100.0 | 100.0 |   N/A |   N/A | 100.0 |  49.5
               +-------+-------+-------+-------+-------+----------------------
